 Dungeon Crawl Stone Soup version 0.24-a0-290-gbb66a672fa (webtiles) character file.

Game seed: 2680135491323646591

54 Redear the Skirmisher (level 3, -3/29 HPs)
             Began as a Demonspawn Chaos Knight on May 8, 2019.
             Was a Plaything of Xom.
             Slain by a redback (glowing shapeshifter) (8 damage)
             ... on level 2 of the Dungeon.
             The game lasted 00:02:47 (1592 turns).

Redear the Skirmisher (Demonspawn Chaos Knight)     Turns: 1592, Time: 00:02:48

Health: -3/29      AC:  8    Str: 13    XL:     3   Next: 66%
Magic:  3/3        EV: 12    Int: 18    God:    Xom [.*....]
Gold:   67         SH:  0    Dex: 12    Spells: 2/2 levels left

rFire    . . .     SeeInvis .   o - +0 hand axe (chop)
rCold    . . .     Gourm    .   (no shield)
rNeg     . . .     Faith    .   b - +2 leather armour
rPois    +         Spirit   .   l - +0 helmet
rElec    .         Reflect  .   (no cloak)
rCorr    .         Harm     .   (no gloves)
MR       .....                  (no boots)
Stlth    +.........             (no amulet)
HPRegen  0.09/turn              d - ring of wizardry {Wiz+}
MPRegen  0.08/turn              (no ring)

@: brilliant
A: claws 2, poison resistance, shaggy fur 2
a: Renounce Religion


You were on level 2 of the Dungeon.
You worshipped Xom.
You were a plaything of Xom.
You were not hungry.

You visited 1 branch of the dungeon, and saw 2 of its levels.

You collected 67 gold pieces.

Inventory:

Hand Weapons
 a - a +0 hand axe of chaos
 m - a +0 whip
 o - a +0 hand axe of chopping (weapon)
Armour
 b - a +2 leather armour (worn)
 l - a +0 helmet (worn)
Jewellery
 d - a ring of wizardry (left claw) {Wiz+}
Scrolls
 e - a scroll of teleportation {unknown}
 j - a scroll of random uselessness {unknown}
 n - a scroll of fear {unknown}
Potions
 c - a potion of haste {unknown}
 f - a potion of brilliance {Archmagi Int+5 Wiz++}
 i - a potion of flight {unknown}
 k - a potion of lignification {unknown}
 Q - 3 potions of curing
Comestibles
 z - 3 rations


   Skills:
 + Level 3.4 Fighting
 + Level 3.1 Axes
 + Level 2.4 Armour
 + Level 1.7 Dodging


You had 2 spell levels left.
You didn't know any spells.
Your spell library was empty.

Dungeon Overview and Level Annotations

Branches:
Dungeon (2/15)

Altars:
Gozag
Hepliaklqana


Innate Abilities, Weirdness & Mutations

You have very sharp fingernails.
Your system is resistant to poisons. (rPois)
You are covered in thick fur. (AC +2)


Message History

The redback barely misses you.
Health restored: 29 Xom smirks.
You detect creatures!
The redback bites you!
Ouch! That really hurt!
You take 15 damage, and have 14/29 hp.
MASSIVE DAMAGE!!
It was a potion of brilliance.
You feel clever all of a sudden. The redback bites you!
* * * LOW HITPOINT WARNING * * *
You are lethally poisoned!
The redback poisons you!
You take 9 damage, and have 5/29 hp.
MASSIVE DAMAGE!!
It was a potion of curing.
You feel better.
Q - 3 potions of curing The redback bites you.
* * * LOW HITPOINT WARNING * * *
The redback bites you!
You die...
Xom chuckles heartily!

#. #.## ##+#... #. #.#
##...... ##.####.#
##....... #.#.#.#.#
##........
#.##......###...._..⌠.
#...........'....)....
####....####.........
#.#.## ##........
##@### ##......$
##.s$## ##...###
#.....# ##+##
##...##### #.#
##......######.#
#..###......#.## #..#
#..###..<.#..
#..###..###......#
#..............#.#


You could see a redback.

Vanquished Creatures
  2 adders (D:2)
  A worm (D:2)
  A dart slug (D:1)
  3 leopard geckos
  A bat (D:1)
  5 goblins (D:1)
  7 hobgoblins
  2 jackals (D:2)
  4 rats (D:1)
26 creatures vanquished.

Notes
Turn   | Place    | Note
-------+----------+-------------------------------------------
     0 | D:1      | Redear the Demonspawn Chaos Knight began the quest for the
                  | Orb.
     0 | D:1      | Reached XP level 1. HP: 18/18 MP: 1/1
    47 | D:1      | Reached skill level 1 in Dodging
   174 | D:1      | Reached skill level 2 in Armour
   175 | D:1      | Gained mutation: You have sharp fingernails. [demonic
                  | ancestry]
   175 | D:1      | Reached XP level 2. HP: 22/24 MP: 2/2
   399 | D:1      | XOM: harmless Summ miscast
   560 | D:1      | Reached skill level 3 in Axes
   689 | D:1      | XOM: divination: detect items
   850 | D:1      | XOM: divination: detect items
   913 | D:2      | Noticed a glowing shapeshifter
   913 | D:2      | an adder changed into a glowing shapeshifter
   913 | D:2      | XOM: polymorph adder -> glowing shapeshifter
   913 | D:2      | Noticed a two-headed ogre
   913 | D:2      | a glowing shapeshifter changed into a two-headed ogre
   914 | D:2      | Noticed a swamp worm
   914 | D:2      | a two-headed ogre changed into a swamp worm
   916 | D:2      | XOM: butterfly on damage
   917 | D:2      | HP: 1/24 [swamp worm (glowing shapeshifter)/harpoon shot
                  | (6)]
   924 | D:2      | Noticed a merfolk
   926 | D:2      | Noticed a deep troll
   926 | D:2      | a merfolk changed into a deep troll
   929 | D:2      | Noticed an eye of devastation
   929 | D:2      | a deep troll changed into an eye of devastation
   970 | D:1      | XOM: give mutations
   970 | D:1      | Gained mutation: You are covered in fur. (AC +1) [Xom's
                  | grace]
   970 | D:1      | Gained mutation: You are covered in thick fur. (AC +2)
                  | [Xom's grace]
   970 | D:1      | Gained mutation: Your system is resistant to poisons.
                  | (rPois) [Xom's grace]
  1252 | D:2      | Gained mutation: You have very sharp fingernails. [demonic
                  | ancestry]
  1252 | D:2      | Reached XP level 3. HP: 28/29 MP: 3/3
  1539 | D:2      | Found a hazy altar of Hepliaklqana.
  1542 | D:2      | Found an opulent altar of Gozag.
  1586 | D:2      | Noticed a redback
  1590 | D:2      | XOM: divination: detect creatures
  1592 | D:2      | Slain by a redback (glowing shapeshifter)

Levels and vault maps discovered:
D:1:      saegor_arrival_miasma, layout_loops_ring
D:2:      layout_loops_corners, grunt_temple_overflow_open,
          guppyfry_early_lair_pool, uniq_jessica

Skill      XL: |  1  2 |
---------------+-------+-----
Dodging        | 1 |  1.7
Armour         | 2 |  2.4
Axes           | 3 |  3.1
Fighting       | |  3.4

Action                   || total
-------------------------++-------
Melee: Hand axe          ||    77
       Whip              ||    22
  Use: Potion            ||     3
 Stab: Petrifying        ||     1
  Eat: Chunk             ||     2
Armor: Leather armour    ||    43
Dodge: Dodged            ||    72

Table legend:
 A = Non-vault XP
 B = Vault XP
 C = Vault XP percentage of total XP
 D = Non-vault monster count
 E = Vault monster count
 F = Vault count percentage of total count
                 A         B        C        D         E       F
            +---------+---------+-------+---------+---------+-------
      Total |      78 |       0 |   0.0 |      26 |       0 |   0.0
            +---------+---------+-------+---------+---------+-------
        D:1 |      37 |       0 |   0.0 |      19 |       0 |   0.0
        D:2 |      41 |       0 |   0.0 |       7 |       0 |   0.0
            +---------+---------+-------+---------+---------+-------
